 Dungeon Crawl Stone Soup version 0.28.0 (webtiles) character file.

Game seed: 5328074857549983268

409 Kaptain the Digger (level 6, -6/35 HPs)
             Began as a Gargoyle Earth Elementalist on Feb 7, 2022.
             Mangled by Duvessa (10 damage)
             ... on level 4 of the Dungeon.
             The game lasted 00:06:43 (3631 turns).

Kaptain the Digger (Gargoyle Earth Elementalist)    Turns: 3631, Time: 00:06:43

Health: -6/35      AC:  9    Str: 12    XL:     6   Next: 89%
Magic:  0/11       EV: 11    Int: 17    God:
Gold:   99         SH:  0    Dex: 10    Spells: 7/11 levels left

rFire   . . .      SeeInvis .   m - +0 dagger (venom)
rCold   . . .      Faith    .   (no shield)
rNeg    + . .      Spirit   .   q - +0 leather armour
rPois   ∞          Reflect  .   (no helmet)
rElec   +          Harm     .   (no cloak)
rCorr   .          Rampage  .   a - +0 pair of gloves
Will    .....                   e - +0 pair of boots
Stlth   +.........              (no amulet)
HPRegen 0.11/turn               (no ring)
MPRegen 0.12/turn               (no ring)

@: lit by a corona, hasted, glowing, very quick
A: sickness immunity, AC +4, negative energy resistance 1, electricity
resistance, torment resistance 1, petrification resistance
a: no special abilities


You were on level 4 of the Dungeon.
You visited 1 branch of the dungeon, and saw 4 of its levels.

You collected 99 gold pieces.

Inventory:

Hand Weapons
 b - a +0 trident
 d - a +0 war axe
 f - a +0 short sword
 m - a +0 dagger of venom (weapon)
Missiles
 c - 68 stones
 n - 2 throwing nets
 t - 5 silver boomerangs
Armour
 a - a +0 pair of gloves (worn)
 e - a +0 pair of boots (worn)
 q - a +0 leather armour (worn)
 u - a +0 robe of willpower
Wands
 k - a wand of polymorph (9)
Scrolls
 g - a scroll of enchant armour {unknown}
 i - a scroll of noise {unknown}
 l - a scroll of enchant weapon {unknown}
 o - 3 scrolls of fear {unknown}
 p - a scroll of magic mapping {unknown}
 s - a scroll of immolation {unknown}
Potions
 r - 3 potions of lignification {unknown}
 v - a potion of ambrosia {unknown}


   Skills:
 + Level 2.1 Fighting
 + Level 2.0 Armour
 + Level 2.3 Dodging
 + Level 3.4 Stealth
 * Level 3.4 Spellcasting
 * Level 2.3 Conjurations
 - Level 0.7 Transmutations
 * Level 5.3 Earth Magic


You had 7 spell levels left.
You knew the following spells:

 Your Spells              Type           Power      Damage    Failure   Level
a - Sandblast             Erth           42%        2d11      2%          1
b - Stone Arrow           Conj/Erth      30%        3d8       13%         3

Your spell library contained the following spells:

 Spells                   Type           Power      Damage    Failure   Level
 Passwall                 Tmut/Erth      10%        N/A       10%         2
 Sting                    Tmut/Pois      16%        1d3       19%         1
 Petrify                  Tmut/Erth      13%        N/A       52%         4
 Summon Guardian Golem    Hex/Summ       2%         N/A       54%         3
 Orb of Destruction       Conj           5%         9d5       100%        7
 Spellforged Servitor     Conj/Summ      3%         N/A       100%        7
 Borgnjor's Revivificati  Necr           1%         N/A       100%        8
 Necromutation            Tmut/Necr      2%         N/A       100%        8
 Death's Door             Necr           1%         N/A       100%        9


Dungeon Overview and Level Annotations

Branches:
Dungeon (4/15)
 Temple: D:4-7

Altars:
Nemelex Xobeh

Shops:
D:4 *

Annotations:
D:4 Dowan, Duvessa


Innate Abilities, Weirdness & Mutations

You are immune to sickness and miasma.
Your stone body is resilient. (AC +4)
You are immune to poison.
You resist negative energy. (rN+)
You are resistant to electric shocks. (rElec)
You are resistant to unholy torment.
You are immune to petrification.


Message History

Press: ? - help, Shift-Dir - straight line, f/p - Duvessa
Aim: Duvessa, wielding a +2 rapier of venom and wearing a +0 leather armour (severely wounded, 83% to hit)
The blast of sand hits Duvessa but does no damage.
Duvessa is severely wounded.
Duvessa hits you with a +2 rapier of venom.
* * * LOW HITPOINT WARNING * * *
You feel better. Duvessa closely misses you.
Casting: Sandblast (safe; 2% risk of failure)
Confirm with . or Enter, or press ? or * to list all spells.
Aiming: Sandblast (safe; 2% risk of failure)
Press: ? - help, Shift-Dir - straight line, f/p - Duvessa
Aim: Duvessa, wielding a +2 rapier of venom and wearing a +0 leather armour (severely wounded, 83% to hit)
The blast of sand hits Duvessa.
Duvessa is almost dead.
Duvessa hits you but does no damage.
Casting: Sandblast (safe; 2% risk of failure)
Confirm with . or Enter, or press ? or * to list all spells.
Aiming: Sandblast (safe; 2% risk of failure)
Press: ? - help, Shift-Dir - straight line, f/p - Duvessa
Aim: Duvessa, wielding a +2 rapier of venom and wearing a +0 leather armour (almost dead, 83% to hit)
The blast of sand hits Duvessa.
Duvessa is almost dead.
Duvessa hits you with a +2 rapier of venom!
* * * LOW HITPOINT WARNING * * *
Casting: Sandblast (safe; 2% risk of failure)
Confirm with . or Enter, or press ? or * to list all spells.
Aiming: Sandblast (safe; 2% risk of failure)
Press: ? - help, Shift-Dir - straight line, f/p - Duvessa
Aim: Duvessa, wielding a +2 rapier of venom and wearing a +0 leather armour (almost dead, 83% to hit)
The blast of sand hits Duvessa.
Duvessa is almost dead.
Duvessa misses you.
Casting: Sandblast (safe; 2% risk of failure)
Confirm with . or Enter, or press ? or * to list all spells.
You don't have enough magic to cast this spell.
Unknown command.
Unknown command.
You feel yourself speed up.
Duvessa hits you with a +2 rapier of venom!
You die...

.# #.......#
......... .#
#.###...#
#........ .#
#.# ...#
#.......# .#
#.# ...#
#.......# .###
#.# .##
#.......#
...######.#
#..?....#
.#.#......#
#.......#
...#.######
######e......#
.###.#
#..@er########
.# #.# #.###.#
.###.# #.# #.#
.....#
#######.# #.#
.....#
#.......# #.#
####.#
#.####### #)#
#.# #.# #..
#.# #.# ###
##.###.#


You could see Duvessa, Dowan and a quokka.

Vanquished Creatures
  Sigmund (D:4)
  A phantom (D:4)
  A jelly (D:4)
  Natasha (thrice) (D:3)
  2 adders
  4 dart slugs (D:3)
  4 orcs (D:3)
  8 endoplasms
  3 giant cockroaches
  7 goblins
  4 hobgoblins
  5 kobolds
  2 quokkas
  2 ball pythons
  7 bats
  2 frilled lizards
  5 rats
61 creatures vanquished.

Vanquished Creatures (others)
  6 plants (D:3)
6 creatures vanquished.

Grand Total: 67 creatures vanquished

Notes
Turn   | Place    | Note
-------+----------+-------------------------------------------
     0 | D:1      | Kaptain the Gargoyle Earth Elementalist began the quest for
                  | the Orb.
     0 | D:1      | Reached XP level 1. HP: 10/10 MP: 3/3
   325 | D:1      | Reached XP level 2. HP: 16/16 MP: 3/5
   920 | D:2      | Reached skill level 4 in Earth Magic
   920 | D:2      | Reached XP level 3. HP: 19/20 MP: 1/6
   965 | D:2      | Learned a level 3 spell: Stone Arrow
  1117 | D:2      | Found a faded altar of an unknown god.
  1129 | D:2      | Got Plato's Tome of Poisoning
  1810 | D:3      | Noticed Natasha
  1821 | D:3      | Killed Natasha
  1822 | D:3      | Reached skill level 1 in Fighting
  1822 | D:3      | Reached skill level 1 in Armour
  1822 | D:3      | Reached XP level 4. HP: 14/25 MP: 2/8
  2068 | D:3      | Found a sparkling altar of Nemelex Xobeh.
  2174 | D:3      | Noticed Natasha
  2696 | D:3      | Killed Natasha
  2697 | D:3      | Reached XP level 5. HP: 23/29 MP: 5/9
  2750 | D:3      | Noticed Natasha
  2757 | D:3      | Killed Natasha
  2758 | D:3      | Reached skill level 1 in Conjurations
  3233 | D:4      | Noticed Sigmund
  3243 | D:4      | Killed Sigmund
  3244 | D:4      | Reached skill level 5 in Earth Magic
  3244 | D:4      | Reached XP level 6. HP: 19/35 MP: 3/10
  3420 | D:4      | Found Cobin's Assorted Antiques.
  3597 | D:4      | Noticed Duvessa
  3611 | D:4      | Noticed Dowan
  3631 | D:4      | Mangled by Duvessa

Illustrated notes

Levels and vault maps discovered:
D:1:      lightli_arrival_farm, layout_basic
D:2:      layout_basic, shapermc_ecumenical_altar_rom_forum
D:3:      layout_loops_corners, lemuel_coloured_pillars_altar,
          chequers_big_river, uniq_natasha
D:4:      layout_basic, serial_shops, shop, uniq_sigmund, uniq_duvessa,
          uniq_menkaure, uniq_blork_the_orc

Skill      XL: |  1  2  3  4  5  6 |
---------------+-------------------+-----
Earth Magic    | 4 5 |  5.3
Fighting       | 1 2 |  2.1
Armour         | 1 2 |  2.0
Dodging        | 2 |  2.3
Stealth        | 3 |  3.4
Conjurations   | 1 2 |  2.3
Spellcasting   | 3 |  3.4
Transmutations | |  0.7

Action                   |  1- 3 |  4- 6 || total
-------------------------+-------+-------++-------
Melee: Short sword       |     6 |       ||     6
       Dagger            |    24 |    40 ||    64
       Punch             |       |     3 ||     3
       Unarmed           |       |     3 ||     3
 Cast: Sandblast         |    33 |    35 ||    68
  Use: Scroll            |       |     2 ||     2
       Potion            |       |     4 ||     4
 Stab: Sleeping          |       |     4 ||     4
Armor: Robe              |    13 |       ||    13
       Leather armour    |       |    16 ||    16
Dodge: Dodged            |    23 |    28 ||    51
